 Dungeon Crawl Stone Soup version 0.31-a0-200-gbc41564c69 (webtiles) character file.

Game seed: 4263484323282836813

443 qw the Skirmisher (level 6, -3/36 HPs)
             Began as a Deep Elf Hunter on June 25, 2023.
             Slain by an iguana (10 damage)
             ... on level 5 of the Dungeon.
             The game lasted 00:01:23 (3062 turns).

qw the Skirmisher (Deep Elf Hunter)                 Turns: 3062, Time: 00:01:23

Health: -3/36      AC:  5    Str: 10    XL:     6   Next: 71%
Magic:  8/8        EV: 13    Int: 14    God:
Gold:   217        SH:  0    Dex: 24    Spells: 5/5 levels left

rFire   . . .        Y - +0 shortbow
rCold   . . .        (shield currently unavailable)
rNeg    . . .        f - +0 ring mail
rPois   +            (no helmet)
rElec   .            (no cloak)
rCorr   .            (no gloves)
SInv    .            (no boots)
Will    .....        (no amulet)
Stlth   ++           d - +6 ring of dexterity
HPRegen 0.26/turn    m - ring of poison resistance
MPRegen 0.11/turn

%: no passive effects
@: no status effects
A: no striking features
a: no special abilities


You were on level 5 of the Dungeon.
You visited 1 branch of the dungeon, and saw 5 of its levels.

You collected 217 gold pieces.


   Skills:
 - Level 2.4 Fighting
 + Level 9.3 Ranged Weapons
 - Level 4.4 Dodging
 - Level 1.2 Stealth


You had 5 spell levels left.
You didn't know any spells.
Your spell library was empty.

Inventory:

Hand Weapons
 Y - a +0 shortbow (weapon)
Armour
 f - a +0 ring mail (worn)
Jewellery
 d - a +6 ring of dexterity (left hand)
 e - a ring of protection from cold
 m - a ring of poison resistance (right hand)
Scrolls
 a - a scroll of identify
Potions
 g - 4 potions of curing
 i - a potion of enlightenment {unknown}
 k - a potion of invisibility {unknown}
 l - a potion of magic {unknown}
 n - a potion of haste {unknown}

Dungeon Overview and Level Annotations

Branches:
Dungeon (5/15)
 Temple: D:4-7

Altars:
Ashenzari
Fedhas
Hepliaklqana

Shops:
D:1 ?   D:4 =


Message History

You shoot an arrow. The arrow barely misses the iguana.
The iguana hisses menacingly.
You shoot an arrow.
The arrow hits the iguana but does no damage.
The iguana is lightly wounded.
The iguana closely misses you.
You shoot an arrow. The arrow hits the iguana.
The iguana is moderately wounded.
The iguana bites you.
You shoot an arrow. The arrow closely misses the iguana.
The iguana bites you!
You shoot an arrow.
The arrow hits the iguana but does no damage.
The iguana is moderately wounded.
The iguana bites you!
You shoot an arrow.
The arrow hits the iguana but does no damage.
The iguana is moderately wounded.
The iguana bites you!
You shoot an arrow. The arrow hits the iguana.
The iguana is moderately wounded.
The iguana bites you but does no damage.
You shoot an arrow. The arrow completely misses the iguana.
The iguana barely misses you. The iguana misses you.
You shoot an arrow. The arrow closely misses the iguana.
The iguana misses you.
You shoot an arrow. The arrow hits the iguana.
The iguana is heavily wounded.
The iguana closely misses you.
You shoot an arrow.
The arrow hits the iguana but does no damage.
The iguana is heavily wounded.
The iguana barely misses you.
You shoot an arrow. The arrow hits the iguana.
The iguana is heavily wounded.
The iguana bites you but does no damage.
You shoot an arrow. The arrow hits the iguana!
The iguana is almost dead.
The iguana bites you!
You die...

#################
#.@.............#
#l#############.#
#. #.# #. #.# #.
#########.# #.
#[......#.# #.
#.......# #.
#.#.###.#####
..(>.........


You could see an iguana.

Vanquished Creatures
  A black bear (D:3)
  A scorpion (D:4)
  A howler monkey (D:4)
  An orc priest (D:3)
  A jelly (D:4)
  An iguana (D:4)
  4 adders (D:4)
  An ufetubus (D:3)
  6 worms
  A dart slug (D:1)
  9 orcs
  7 bats
  9 endoplasms
  2 giant cockroaches
  11 goblins
  14 hobgoblins
  9 jackals (D:1)
  A quokka (D:2)
  5 ball pythons
  6 frilled lizards
  5 kobolds
  6 rats
102 creatures vanquished.

Notes
Turn   | Place    | Note
-------+----------+-------------------------------------------
     0 | D:1      | qw the Deep Elf Hunter began the quest for the Orb.
     0 | D:1      | Reached XP level 1. HP: 12/12 MP: 3/3
     0 | D:1      | 0 ||| qw: Version: 0.3-a-22-g0ed2b0b
     0 | D:1      | 0 ||| qw: Game counter: 5631
     0 | D:1      | 0 ||| qw: Melee chars always use a shield: true
     0 | D:1      | 0 ||| qw: God list: Okawaru
     0 | D:1      | 0 ||| qw: Allow faded altars: false
     0 | D:1      | 0 ||| qw: Do Orc after clearing Dungeon:15 true
     0 | D:1      | 0 ||| qw: Do second Lair branch before Depths: true
     0 | D:1      | 0 ||| qw: Lair rune preference: random
     0 | D:1      | 0 ||| qw: Goals: Normal
     0 | D:1      | 0 ||| PLANNING D:1-11
    19 | D:1      | 19 ||| Stepping ~*~*~tactically~*~*~ (water).
    59 | D:1      | Reached XP level 2. HP: 16/16 MP: 4/4
    68 | D:1      | Reached skill level 6 in Ranged Weapons
   132 | D:1      | Found Licoukhisa's Magic Scroll Emporium.
   142 | D:1      | 142 ||| SHOPLISTING scroll of enchant armour (97 gold, have
                  | 11).
   142 | D:1      | 142 ||| SHOPLISTING scroll of identify (26 gold, have 11).
   142 | D:1      | 142 ||| SHOPLISTING scroll of teleportation (39 gold, have
                  | 11).
   324 | D:1      | Reached XP level 3. HP: 6/20 MP: 5/5
   326 | D:1      | HP: 5/20 [jackal (1)]
   625 | D:1      | 625 ||| UPGRADING to +0 ring mail.
   635 | D:1      | 635 ||| DROPPING +0 leather armour.
   636 | D:1      | 636 ||| DROPPING ring of wizardry.
   637 | D:1      | 637 ||| READING 3 scrolls labelled UWEBBA ZAIRE.
   638 | D:1      | 638 ||| DRINKING 2 glowing clear potions.
   639 | D:1      | 639 ||| READING 2 scrolls of identify.
   639 | D:1      | 639 ||| IDENTIFYING glowing cyan potion
   640 | D:1      | 640 ||| DROPPING scroll of butterflies.
   702 | D:2      | Reached skill level 7 in Ranged Weapons
   910 | D:2      | HP: 4/20 [worm (9)]
   911 | D:2      | 911 ||| DRINKING potion of heal wounds.
  1014 | D:2      | Found a blossoming altar of Fedhas.
  1018 | D:2      | Reached XP level 4. HP: 25/25 MP: 6/6
  1050 | D:2      | You fall into a shaft and drop 1 floor!
  1052 | D:3      | 1052 ||| DROPPING amulet of magic regeneration.
  1053 | D:3      | 1053 ||| UPGRADING to +6 ring of dexterity.
  1054 | D:3      | 1054 ||| UPGRADING to ring of protection from cold.
  1055 | D:3      | 1055 ||| READING scroll labelled MUAMPURILA.
  1056 | D:3      | 1056 ||| READING scroll labelled ROOP OZ IPN.
  1324 | D:3      | Reached skill level 8 in Ranged Weapons
  1385 | D:3      | Found a broken altar of Ashenzari.
  1392 | D:3      | Noticed a black bear
  1402 | D:3      | Killed a black bear
  1403 | D:3      | Reached XP level 5. HP: 26/29 MP: 7/7
  1787 | D:3      | 1787 ||| UPGRADING to ring of poison resistance.
  1789 | D:3      | 1789 ||| READING scroll labelled INUSTU KOILLOI.
  1790 | D:3      | 1790 ||| READING scroll labelled YCSYSTR CISCHO.
  1791 | D:3      | 1791 ||| READING scroll labelled GORUBU KURITY.
  1818 | D:4      | Reached XP level 6. HP: 34/34 MP: 8/8
  2042 | D:4      | Found a hazy altar of Hepliaklqana.
  2220 | D:4      | Reached skill level 9 in Ranged Weapons
  2386 | D:4      | HP: 9/36 [iguana (7)]
  2387 | D:4      | 2387 ||| DRINKING potion of heal wounds.
  2646 | D:4      | Found Udelel's Jewellery Shoppe.
  2648 | D:4      | 2648 ||| SHOPLISTING +5 ring of evasion (360 gold, have
                  | 217).
  2648 | D:4      | 2648 ||| SHOPLISTING amulet of the acrobat (300 gold, have
                  | 217).
  2872 | D:4      | 2872 ||| READING scroll labelled KIOGRACIJE.
  2873 | D:4      | 2873 ||| DRINKING 2 grey potions.
  2878 | D:4      | 2878 ||| STAIRDANCE
  2980 | D:3      | 2980 ||| READING 3 scrolls of identify.
  2980 | D:3      | 2980 ||| IDENTIFYING green potion
  2981 | D:3      | 2981 ||| READING 2 scrolls of identify.
  2981 | D:3      | 2981 ||| IDENTIFYING cyan potion
  2982 | D:3      | 2982 ||| DROPPING potion of berserk rage.
  2983 | D:3      | 2983 ||| DROPPING potion of degeneration.
  2984 | D:3      | 2984 ||| DROPPING potion of ambrosia.
  2994 | D:5      | Entered Level 5 of the Dungeon
  3055 | D:5      | HP: 5/36 [iguana (11)]
  3062 | D:5      | Slain by an iguana

Levels and vault maps discovered:
D:1:      ebering_trefoil_twist, layout_loops_ring, serial_shops, shop
D:2:      kennysheep_the_goblin_king, layout_rooms, basic_altar
D:3:      layout_rooms, ashenzari_conservatory_becter, st_stairs_10
D:4:      minmay_chambers_of_twos, layout_loops_corners, old_standard_altar,
          serial_shops, nicolae_shop_gaudy_bauble
D:5:      layout_basic, minmay_temple_entry_stoned_glass

Skill      XL: |  1  2  3  4  5  6 |
---------------+-------------------+-----
Ranged Weapons | 6 7 8 9 |  9.3
Dodging        | 4 |  4.4
Fighting       | 2 |  2.4
Stealth        | |  1.2

Action                     |  1- 3 |  4- 6 || total
---------------------------+-------+-------++-------
   Fire: Shortbow          |   134 |   172 ||   306
    Use: Scroll            |     2 |     8 ||    10
         Potion            |     2 |     2 ||     4
 Armour: Leather armour    |     7 |       ||     7
         Ring mail         |    14 |    16 ||    30
  Dodge: Dodged            |    39 |    43 ||    82

Table legend:
 A = Non-vault XP
 B = Vault XP
 C = Vault XP percentage of total XP
 D = Non-vault monster count
 E = Vault monster count
 F = Vault count percentage of total count
                 A         B        C        D         E       F
            +---------+---------+-------+---------+---------+-------
      Total |     453 |     181 |  28.5 |      84 |      18 |  17.6
            +---------+---------+-------+---------+---------+-------
        D:1 |      57 |       0 |   0.0 |      31 |       0 |   0.0
        D:2 |      40 |      13 |  24.5 |      21 |       7 |  25.0
        D:3 |     215 |      10 |   4.4 |      20 |       3 |  13.0
        D:4 |     141 |     158 |  52.8 |      12 |       8 |  40.0
            +---------+---------+-------+---------+---------+-------
